PCL
WALLA WALLA ALL-STARS @ SPOKANE TRAPPERS
05/03/2023
 
TOP OF THE 1ST
Walla Walla All-Stars batting - Pitching for Spokane Trappers : LHP Adrián León
Pitching: LHP Adrián León
Batting: LHB Keith Beard 0-0: Ball
1-0: Swinging Strike
1-1: DOUBLE (Line Drive, 78M)
Batting: SHB Sean Carr 0-0: Ball
1-0: Called Strike
1-1: Ball
2-1: Called Strike
2-2: Ball
3-2: Fly out, F8 (Flyball, 8LM)
Batting: RHB Lorenzo Morín 0-0: Ball
1-0: Ball
2-0: Ground out 1-3 (Groundball, 23)
Keith Beard to third
Batting: RHB Claudio Guerra 0-0: Swinging Strike
0-1: Foul Ball, location: 2F
0-2: Strikes out looking
Top of the 1st over - 0 run(s), 1 hit(s), 0 error(s), 1 left on base; Walla Walla 0 - Spokane 0
BOTTOM OF THE 1ST
Spokane Trappers batting - Pitching for Walla Walla All-Stars : RHP Carlos Hendrix
Pitching: RHP Carlos Hendrix
Batting: RHB Pedro Guzmán 0-0: Ball
1-0: Ball
2-0: Called Strike
2-1: Foul Ball, location: 2F
2-2: Ball
3-2: Ground out 5-3 (Groundball, 56)
Batting: RHB John Craig 0-0: Swinging Strike
0-1: Ball
1-1: Ground out 6-3 (Groundball, 6M)
Batting: SHB Esteban Silva 0-0: Ball
1-0: SINGLE (Line Drive, 34D)
Batting: RHB Ernesto Acosta 0-0: Ground out 1-3 (Groundball, 15S)
Bottom of the 1st over - 0 run(s), 1 hit(s), 0 error(s), 1 left on base; Walla Walla 0 - Spokane 0
TOP OF THE 2ND
Walla Walla All-Stars batting - Pitching for Spokane Trappers : LHP Adrián León
Batting: RHB Pablo Lucero 0-0: Foul Ball, location: 2F
0-1: Ground out 6-3 (Groundball, 6)
Batting: RHB Jim Dunbar 0-0: Called Strike
0-1: Ball
1-1: Foul Ball, location: 2F
1-2: Ball
2-2: Foul Ball, location: 2F
2-2: Fly out, F4 (Popup, 4MD)
Batting: RHB Pablo Castillo 0-0: Ball
1-0: Called Strike
1-1: Ground out 6-3 (Groundball, 6)
Top of the 2nd over - 0 run(s), 0 hit(s), 0 error(s), 0 left on base; Walla Walla 0 - Spokane 0
BOTTOM OF THE 2ND
Spokane Trappers batting - Pitching for Walla Walla All-Stars : RHP Carlos Hendrix
Batting: LHB José Feliciano 0-0: Ground out 1-3 (Groundball, 13)
Batting: RHB Toru Nakanishi 0-0: Called Strike
0-1: SOLO HOME RUN (Flyball, 7D), Distance : 384 ft
Batting: LHB Henry Leroux 0-0: Reached on error, E4 (Groundball, 4)
Batting: LHB Pete Carter 0-0: Swinging Strike
0-1: Foul Ball, location: 2F
0-2: Ball
1-2: Fielders Choice at 2nd, U4 (Groundball, 4M)
Batting: LHB Jaime Padilla 0-0: Called Strike
0-1: Ball
1-1: Ball
2-1: Ground out 1-3 (Groundball, 25)
Bottom of the 2nd over - 1 run(s), 1 hit(s), 1 error(s), 1 left on base; Walla Walla 0 - Spokane 1
TOP OF THE 3RD
Walla Walla All-Stars batting - Pitching for Spokane Trappers : LHP Adrián León
Batting: RHB Daniel Guerrero 0-0: Ground out 4-3 (Groundball, 4)
Batting: RHB Jeff Thompson 0-0: Swinging Strike
0-1: Ground out 5-3 (Groundball, 5)
Batting: LHB Keith Beard 0-0: Ball
1-0: Ball
2-0: Called Strike
2-1: Ball
3-1: Base on Balls
Batting: SHB Sean Carr 0-0: Foul Ball, location: 2F
0-1: Foul Ball, location: 2F
0-2: Ground out 4-3 (Groundball, 4M)
Top of the 3rd over - 0 run(s), 0 hit(s), 0 error(s), 1 left on base; Walla Walla 0 - Spokane 1
BOTTOM OF THE 3RD
Spokane Trappers batting - Pitching for Walla Walla All-Stars : RHP Carlos Hendrix
Batting: RHB Pedro Guzmán 0-0: Ball
1-0: Called Strike
1-1: Fly out, F9 (Flyball, 9M)
Batting: RHB John Craig 0-0: Called Strike
0-1: Ball
1-1: Ball
2-1: Ball
3-1: Base on Balls
Batting: SHB Esteban Silva 0-0: Called Strike
0-1: Ball
1-1: Ball
2-1: SINGLE (Groundball, 4MD)
John Craig to second
Batting: RHB Ernesto Acosta 0-0: Ball
1-0: Called Strike
1-1: Grounds into double play, 6-4-3 (Groundball, 6)
Bottom of the 3rd over - 0 run(s), 1 hit(s), 0 error(s), 1 left on base; Walla Walla 0 - Spokane 1
TOP OF THE 4TH
Walla Walla All-Stars batting - Pitching for Spokane Trappers : LHP Adrián León
Batting: RHB Lorenzo Morín 0-0: Ball
1-0: Called Strike
1-1: Swinging Strike
1-2: Strikes out swinging
Batting: RHB Claudio Guerra 0-0: Ball
1-0: Called Strike
1-1: Ball
2-1: Ball
3-1: Base on Balls
Batting: RHB Pablo Lucero 0-0: Ball
1-0: Swinging Strike
1-1: Foul Ball, location: 2F
1-2: SINGLE (Line Drive, 56)
Claudio Guerra to second
Batting: RHB Jim Dunbar 0-0: Ball
1-0: Swinging Strike
1-1: Ball
2-1: TRIPLE (Line Drive, 9LS)
Claudio Guerra scores
Pablo Lucero scores
Batting: RHB Pablo Castillo 0-0: Called Strike
0-1: Fly out, F7 (Line Drive, 78S)
Batting: RHB Daniel Guerrero 0-0: Ball
1-0: Fly out, F3 (Line Drive, 3L)
Top of the 4th over - 2 run(s), 2 hit(s), 0 error(s), 1 left on base; Walla Walla 2 - Spokane 1
BOTTOM OF THE 4TH
Spokane Trappers batting - Pitching for Walla Walla All-Stars : RHP Carlos Hendrix
Batting: LHB José Feliciano 0-0: Called Strike
0-1: Ground out 6-3 (Groundball, 6M)
Batting: RHB Toru Nakanishi 0-0: Called Strike
0-1: Swinging Strike
0-2: Ball
1-2: DOUBLE (Flyball, 9LS)
Batting: LHB Henry Leroux 0-0: SINGLE (Popup, 78S)
Toru Nakanishi to third
Runner from 3rd tries for Home, SAFE, no throw or cutoff
Batting: LHB Pete Carter 0-0: Fly out, F5 (Popup, 5SF)
Batting: LHB Jaime Padilla 0-0: Ball
1-0: Fly out, F7 (Flyball, 78D)
Bottom of the 4th over - 1 run(s), 2 hit(s), 0 error(s), 1 left on base; Walla Walla 2 - Spokane 2
TOP OF THE 5TH
Walla Walla All-Stars batting - Pitching for Spokane Trappers : LHP Adrián León
Batting: RHB Jeff Thompson 0-0: Ball
1-0: Ball
2-0: Swinging Strike
2-1: Swinging Strike
2-2: Foul Ball, location: 2F
2-2: Ball
3-2: Strikes out swinging
Batting: LHB Keith Beard 0-0: Called Strike
0-1: Foul Ball, location: 2F
0-2: Ball
1-2: Foul Ball, location: 2F
1-2: Ground out 4-3 (Groundball, 4)
Batting: SHB Sean Carr 0-0: Ground out 1-3 (Groundball, 15S)
Top of the 5th over - 0 run(s), 0 hit(s), 0 error(s), 0 left on base; Walla Walla 2 - Spokane 2
BOTTOM OF THE 5TH
Spokane Trappers batting - Pitching for Walla Walla All-Stars : RHP Carlos Hendrix
Batting: RHB Pedro Guzmán 0-0: Ball
1-0: Ball
2-0: Ball
3-0: Base on Balls
Batting: RHB John Craig 0-0: Ball
1-0: Foul Ball, location: 2F
1-1: Swinging Strike
1-2: Strikes out swinging
Batting: SHB Esteban Silva 0-0: DOUBLE (Line Drive, 7LM)
Pedro Guzmán to third
Batting: RHB Ernesto Acosta 0-0: Ground out 5-3 (Groundball, 56S)
Pedro Guzmán scores
Esteban Silva to third
Batting: LHB José Feliciano 0-0: SINGLE (Flyball, 7LM)
Esteban Silva scores
Batting: RHB Toru Nakanishi 0-0: Called Strike
0-1: Ground out 4-3 (Groundball, 4)
Bottom of the 5th over - 2 run(s), 2 hit(s), 0 error(s), 1 left on base; Walla Walla 2 - Spokane 4
TOP OF THE 6TH
Walla Walla All-Stars batting - Pitching for Spokane Trappers : LHP Adrián León
Batting: RHB Lorenzo Morín 0-0: Ground out 4-3 (Groundball, 4M)
Batting: RHB Claudio Guerra 0-0: SOLO HOME RUN (Line Drive, 89XD), Distance : 403 ft
Batting: RHB Pablo Lucero 0-0: Ball
1-0: Ground out 6-3 (Groundball, 56)
Batting: RHB Jim Dunbar 0-0: Called Strike
0-1: Reached on error, E5 (Groundball, 5S)
Batting: RHB Pablo Castillo 0-0: Ball
1-0: Called Strike
1-1: Ball
2-1: Foul Ball, location: 2F
2-2: Ball
3-2: Foul Ball, location: 2F
3-2: Fly out, F7 (Flyball, 7M)
Top of the 6th over - 1 run(s), 1 hit(s), 1 error(s), 1 left on base; Walla Walla 3 - Spokane 4
BOTTOM OF THE 6TH
Spokane Trappers batting - Pitching for Walla Walla All-Stars : RHP Carlos Hendrix
Batting: LHB Henry Leroux 0-0: Swinging Strike
0-1: Swinging Strike
0-2: Ball
1-2: Ground out 4-3 (Groundball, 4)
Batting: LHB Pete Carter 0-0: Ball
1-0: Called Strike
1-1: Ball
2-1: Ball
3-1: Ground out 3-1 (Groundball, 34)
Batting: LHB Jaime Padilla 0-0: Fly out, F9 (Flyball, 89S)
Bottom of the 6th over - 0 run(s), 0 hit(s), 0 error(s), 0 left on base; Walla Walla 3 - Spokane 4
TOP OF THE 7TH
Walla Walla All-Stars batting - Pitching for Spokane Trappers : LHP Adrián León
Pitching: RHP Ching-wei Zi
Batting: RHB Daniel Guerrero 0-0: Called Strike
0-1: Foul Ball, location: 2F
0-2: Ball
1-2: Ground out U3 (Groundball, 3L)
Batting: RHB Jeff Thompson 0-0: Reached on error, E4 (Groundball, 34)
Batting: LHB Keith Beard 0-0: Fly out, F8 (Flyball, 8RS)
Batting: SHB Sean Carr 0-0: Ball
1-0: Called Strike
1-1: Foul Ball, location: 2F
1-2: SINGLE (Line Drive, 5D)
Jeff Thompson to second
Batting: RHB Lorenzo Morín 0-0: SINGLE (Groundball, 6MD)
Jeff Thompson to third
Sean Carr to second
Runner from 3rd tries for Home, SAFE, no throw or cutoff
Batting: RHB Claudio Guerra 0-0: DOUBLE (Groundball, 5L)
Sean Carr scores
Lorenzo Morín to third
Pinch Runner at 2nd Luke McIndoe:
Pinch Hitting: SHB Clinton Watson 0-0: Ball
1-0: SINGLE (Groundball, 4MD)
Lorenzo Morín scores
Luke McIndoe to third
Runner from 3rd tries for Home, SAFE, no throw or cutoff
Pitching: RHP Jake Jones
Batting: RHB Jim Dunbar 0-0: Called Strike
0-1: Ball
1-1: Swinging Strike
1-2: Strikes out swinging
Top of the 7th over - 4 run(s), 4 hit(s), 1 error(s), 1 left on base; Walla Walla 7 - Spokane 4
BOTTOM OF THE 7TH
Spokane Trappers batting - Pitching for Walla Walla All-Stars : RHP Carlos Hendrix
Now at C: Luke McIndoe
Now in RF: Clinton Watson
Batting: RHB Pedro Guzmán 0-0: Ball
1-0: Foul Ball, location: 2F
1-1: Reached on error, E6 (Groundball, 6M)
Batting: RHB John Craig 0-0: Grounds into double play, 6-4-3 (Groundball, 6)
Batting: SHB Esteban Silva 0-0: Called Strike
0-1: Foul Ball, location: 2F
0-2: Hit by Pitch
Batting: RHB Ernesto Acosta 0-0: Ball
1-0: Ball
2-0: Called Strike
2-1: Ball
3-1: Base on Balls
Esteban Silva to second
Batting: LHB José Feliciano 0-0: Called Strike
0-1: Swinging Strike
0-2: Ball
1-2: Foul Ball, location: 2F
1-2: Ball
2-2: Ground out 4-3 (Groundball, 4)
Bottom of the 7th over - 0 run(s), 0 hit(s), 1 error(s), 2 left on base; Walla Walla 7 - Spokane 4
TOP OF THE 8TH
Walla Walla All-Stars batting - Pitching for Spokane Trappers : RHP Jake Jones
Batting: RHB Pablo Castillo 0-0: Foul Ball, location: 2F
0-1: Fly out, F9 (Flyball, 89M)
Batting: RHB Daniel Guerrero 0-0: Ball
1-0: Ball
2-0: Called Strike
2-1: SINGLE (Groundball, 4MS)
Batting: RHB Jeff Thompson 0-0: Called Strike
0-1: Ball
Daniel Guerrero steals 2nd base
1-1: Foul Ball, location: 2F
1-2: Ball
2-2: Foul Ball, location: 2F
2-2: 2-RUN HOME RUN (Flyball, 8RXD), Distance : 427 ft
Batting: LHB Keith Beard 0-0: Called Strike
0-1: Ball
1-1: Foul Ball, location: 2F
1-2: Foul Ball, location: 2F
1-2: Ball
2-2: Foul Ball, location: 2F
2-2: Ground out 4-3 (Groundball, 34)
Batting: SHB Sean Carr 0-0: Called Strike
0-1: Ball
1-1: Ball
2-1: Foul Ball, location: 2F
2-2: Ball
3-2: Base on Balls
Batting: RHB Lorenzo Morín 0-0: Foul Ball, location: 2F
0-1: Foul Ball, location: 2F
0-2: Foul Ball, location: 2F
0-2: Ball
1-2: Strikes out swinging
Top of the 8th over - 2 run(s), 2 hit(s), 0 error(s), 1 left on base; Walla Walla 9 - Spokane 4
BOTTOM OF THE 8TH
Spokane Trappers batting - Pitching for Walla Walla All-Stars : RHP Carlos Hendrix
Batting: RHB Toru Nakanishi 0-0: Ball
1-0: Swinging Strike
1-1: SINGLE (Line Drive, 89S)
Batting: LHB Henry Leroux 0-0: Ball
1-0: Fielders Choice at 2nd, 4-6 (Groundball, 4)
Batting: LHB Pete Carter 0-0: Foul Ball, location: 2F
0-1: Called Strike
0-2: DOUBLE (Flyball, 9LD)
Henry Leroux to third
Batting: LHB Jaime Padilla 0-0: Ball
1-0: Ground out 6-3 (Groundball, 6M)
Henry Leroux scores
Pete Carter to third
Pitching: RHP Ricky Gutiérrez
Batting: RHB Pedro Guzmán 0-0: Ball
1-0: Called Strike
1-1: Swinging Strike
1-2: Ball
2-2: Strikes out swinging
Bottom of the 8th over - 1 run(s), 2 hit(s), 0 error(s), 1 left on base; Walla Walla 9 - Spokane 5
TOP OF THE 9TH
Walla Walla All-Stars batting - Pitching for Spokane Trappers : RHP Jake Jones
Batting: RHB Luke McIndoe 0-0: Swinging Strike
0-1: Foul Ball, location: 2F
0-2: Foul Ball, location: 2F
0-2: Strikes out looking
Batting: SHB Clinton Watson 0-0: SINGLE (Line Drive, 4MD)
Batting: RHB Jim Dunbar 0-0: Called Strike
0-1: Foul Ball, location: 2F
0-2: Ball
1-2: Ball
2-2: SINGLE (Groundball, 6MD)
Clinton Watson to second
Runner from 2nd tries for 3rd, SAFE, throw made to third
Jim Dunbar to second
Batting: RHB Pablo Castillo 0-0: Ball
1-0: Called Strike
1-1: Ball
2-1: Swinging Strike
2-2: Fly out, F8 (Flyball, 78D)
Runner from 3rd tags up, SCORES, no throw
Pitching: RHP Jacob Miller
Batting: RHB Daniel Guerrero 0-0: Called Strike
0-1: Called Strike
0-2: Fly out, F8 (Flyball, 8LM)
Top of the 9th over - 1 run(s), 2 hit(s), 0 error(s), 1 left on base; Walla Walla 10 - Spokane 5
BOTTOM OF THE 9TH
Spokane Trappers batting - Pitching for Walla Walla All-Stars : RHP Ricky Gutiérrez
Pitching: LHP Pepe Caro
Batting: RHB John Craig 0-0: Called Strike
0-1: Fly out, F9 (Flyball, 89M)
Batting: SHB Esteban Silva 0-0: Ground out 5-3 (Groundball, 5L)
Batting: RHB Ernesto Acosta 0-0: Foul Ball, location: 2F
0-1: Ground out 4-3 (Groundball, 4)
Bottom of the 9th over - 0 run(s), 0 hit(s), 0 error(s), 0 left on base; Walla Walla 10 - Spokane 5
This league is powered by Out of the Park Baseball, the baseball management simulation game for PC, Mac and Linux
Wednesday, December 2nd, 2015 - OOTP Baseball 16.8 Build 38